Map: Ruby Rock LE

Players

mrNothing

  • Race: Protoss Protoss
  • League: Platinum
  • Spawn Location: 5:00

HoldTheDoor - Winner!

  • Race: Protoss Protoss
  • League: Diamond
  • Spawn Location: 11:00

VOD

Have the link to the VOD?

Description

Time

  • Played on: May 3, 2026, 11:42 a.m.
  • Length: 5:24
Show
View Real Time Build Order
Export as new Build Order

mrNothing Protoss 

Build Orders:  

Get SALT Encoding   

  12  0:00  Probe  
  13  0:12  Probe  
  14  0:18  Pylon  
  14  0:25  Probe  
  15  0:33  Probe  
  15  0:38  Gateway  
  15  0:42  Probe  
  17  0:51  Probe  
  17  0:53  Pylon  
  18  1:00  Assimilator  
  18  1:03  Probe  
  19  1:15  Probe  
  20  1:25  Cybernetics Core  
  20  1:27  Probe  
  20  1:31  Zealot  
  21  1:39  Probe  
  24  1:51  Probe  
  25  2:03  Probe  
  26  2:08  Zealot  
  26  2:11  Assimilator  
  28  2:16  Probe  
  29  2:28  Stargate  
  29  2:34  Probe  
  29  2:35  Pylon  
  30  2:46  Probe  
  30  2:48  Nexus  
  31  2:57  Twilight Council  
  31  3:05  Shield Battery  
  31  3:20  Void Ray  
  33  3:27  Probe  
  33  3:32  Charge  
  31  3:40  Probe  
  32  3:52  Probe  
  33  4:03  Probe  
  33  4:05  Assimilator  
  33  4:06  Probe  
  34  4:11  Probe  
  34  4:14  Probe  
  34  4:16  Zealot  
  42  4:19  Probe  
  42  4:21  Void Ray  
  44  4:24  Probe  
  44  4:30  Probe  
  45  4:36  Probe  
  43  4:44  Zealot  
  36  4:54  Probe  
  36  4:55  Probe  
  33  5:06  Probe  
  35  5:07  Probe  
  35  5:09  Stargate  
Show
View Real Time Build Order
Export as new Build Order

HoldTheDoor Protoss - Winner!

Build Orders: Phoenix Opening 

Get SALT Encoding   

  12  0:00  Probe  
  13  0:12  Probe  
  14  0:17  Pylon  
  14  0:23  Probe  
  15  0:31  Probe  
  15  0:39  Gateway, Probe  
  17  0:50  Assimilator  
  17  0:57  Assimilator  
  17  1:05  Assimilator  
  17  1:12  Probe  
  18  1:21  Gateway  
  18  1:26  Cybernetics Core  
  18  1:28  Probe  
  19  1:40  Probe  
  19  1:45  Pylon  
  20  1:52  Probe  
  21  2:04  Probe  
  21  2:08  Adept x2  
  26  2:16  Probe  
  27  2:23  Warp Gate  
  27  2:28  Probe  
  28  2:33  Pylon  
  28  2:38  Sentry  
  30  2:48  Stalker  
  31  2:51  Probe  
  33  3:00  Pylon  
  33  3:03  Probe  
  34  3:08  Stargate  
  34  3:16  Probe  
  35  3:28  Probe  
  36  3:49  Gateway  
  36  3:52  Phoenix  
  36  3:54  Shield Battery  
  38  4:05  Nexus  
  38  4:11  Stalker x2  
  38  4:15  Pylon  
  42  4:18  Probe  
  42  4:20  Phoenix  
  43  4:50  Stalker x3  
  49  5:13  Stalker  
Tags
 
Matchup
PvP
Replay Pack
SC2Mai2026
Spawn Locations
Cross Positions
Add a new tag
Caveats
  • Supply blocks, unpowered buildings, or Contaminate may cause inaccurate times.
  • Supply counts are checked every 10 seconds.